 Dungeon Crawl Stone Soup version 0.27.1 (webtiles) character file.

Game seed: 4062147604221324980

78 Rrauwl the Shooter (level 4, -1/38 HPs)
             Began as a Minotaur Hunter on Aug 29, 2021.
             Slain by a gnoll (5 damage)
             ... on level 2 of the Dungeon.
             The game lasted 00:03:25 (831 turns).

Rrauwl the Shooter (Minotaur Hunter)                 Turns: 831, Time: 00:03:26

Health: -1/38      AC:  8    Str: 16    XL:     4   Next: 15%
Magic:  3/3        EV:  7    Int:  8    God:
Gold:   25         SH:  0    Dex: 12    Spells: 3/3 levels left

rFire    . . .     SeeInvis .   e - +0 whip
rCold    . . .     Faith    .   (no shield)
rNeg     . . .     Spirit   .   f - +0 chain mail
rPois    +         Reflect  .   (helmet restricted)
rElec    .         Harm     .   (no cloak)
rCorr    .         Rampage  .   (no gloves)
Will     .....                  (no boots)
Stlth    ..........             (no amulet)
HPRegen  0.12/turn              b - ring of poison resistance
MPRegen  0.08/turn              (no ring)

@: mighty
A: horns 2, retaliatory headbutt
a: no special abilities


You were on level 2 of the Dungeon.
You visited 1 branch of the dungeon, and saw 2 of its levels.

You collected 25 gold pieces.

Inventory:

Hand Weapons
 a - a +1 shortbow
 e - a +0 whip (weapon)
Armour
 f - a +0 chain mail (worn)
Jewellery
 b - a ring of poison resistance (left hand)
Scrolls
 g - a scroll of amnesia {unknown}


   Skills:
 - Level 3.0 Fighting
 + Level 5.0 Bows
 + Level 2.3 Armour
 - Level 3.0 Dodging
 - Level 1.0 Stealth


You had 3 spell levels left.
You didn't know any spells.
Your spell library was empty.

Dungeon Overview and Level Annotations

Branches:
Dungeon (2/15)

Altars:


Innate Abilities, Weirdness & Mutations

You have a pair of horns on your head.
You reflexively headbutt those who attack you in melee.


Message History

The gnoll is heavily wounded.
The gnoll hits you with a +0 club.
You shoot an arrow. The arrow hits the gnoll.
The gnoll is severely wounded.
The gnoll hits you but does no damage.
You shoot an arrow. The arrow hits the gnoll.
The gnoll is severely wounded.
The gnoll hits you but does no damage.
You shoot an arrow. The arrow hits the gnoll.
You kill the gnoll!
Your Bows skill increases to level 5!
Your Armour skill increases to level 2!
You have reached level 4!
You feel agile.
You shoot an arrow. The arrow hits the gnoll!
The gnoll is heavily wounded.
The gnoll hits you with a +0 flail.
You shoot an arrow.
The arrow hits the gnoll but does no damage.
The gnoll is heavily wounded.
The gnoll hits you with a +0 flail. The gnoll hits you but does no damage.
You are too injured to fight recklessly!
You are too injured to fight recklessly!
Really attack while wielding your +1 shortbow?
Okay, then.
e - a +0 whip (weapon)
You feel very mighty all of a sudden. The gnoll hits you with a +0 flail.
* * * LOW HITPOINT WARNING * * *
You whack the gnoll!
You kill the gnoll!
You closely miss the gnoll. The gnoll hits you with a +0 flail.
* * * LOW HITPOINT WARNING * * *
You whack the gnoll! Your headbutt misses the gnoll.
The gnoll is heavily wounded.
The gnoll hits you with a +0 flail.
* * * LOW HITPOINT WARNING * * *
You closely miss the gnoll.
The gnoll is heavily wounded.
The gnoll hits you with a +0 flail.
You die...

####+###
#......#
#......#
#......#####.(.
#......@g(...#
#......##.#..#
#......# #
#......#
#......#
#<....†#
##.##### #.#
#.#


You could see a gnoll.

Vanquished Creatures
  6 gnolls
  3 endoplasms (D:1)
  4 goblins (D:1)
  4 hobgoblins (D:1)
  2 ball pythons (D:1)
  A bat (D:2)
  A rat (D:1)
21 creatures vanquished.

Notes
Turn   | Place    | Note
-------+----------+-------------------------------------------
     0 | D:1      | Rrauwl the Minotaur Hunter began the quest for the Orb.
     0 | D:1      | Reached XP level 1. HP: 18/18 MP: 0/0
    21 | D:1      | Reached skill level 1 in Stealth
    21 | D:1      | Reached XP level 2. HP: 25/25 MP: 1/1
   189 | D:1      | Reached skill level 1 in Armour
   728 | D:1      | Found a faded altar of an unknown god.
   813 | D:2      | Reached XP level 3. HP: 31/31 MP: 2/2
   824 | D:2      | Reached skill level 5 in Bows
   824 | D:2      | Reached XP level 4. HP: 28/38 MP: 3/3
   831 | D:2      | Slain by a gnoll

Illustrated notes

Levels and vault maps discovered:
D:1:      amcnicky_arrival_single_pillar, layout_basic,
          shapermc_ecumenical_altar_hornbeckon, minmay_splitting_lines,
          chequers_serial_rivers_small_a, chequers_serial_rivers_small_b
D:2:      layout_basic, nrook_uturn, kennysheep_potato, uniq_crazy_yiuf_cottage

Skill      XL: |  1  2  3 |
---------------+----------+-----
Stealth        | 1 |  1.0
Armour         | 1 2 |  2.3
Fighting       | 3 |  3.0
Dodging        | 3 |  3.0
Bows           | 5 |  5.0

Action                   |  1- 3 |  4- 6 || total
-------------------------+-------+-------++-------
Melee: Whip              |       |     4 ||     4
 Fire: Shortbow          |    45 |     2 ||    47
  Use: Potion            |     2 |     1 ||     3
Armor: Chain mail        |     4 |     1 ||     5
Dodge: Dodged            |     3 |       ||     3
